 Dungeon Crawl Stone Soup version 0.30-a0-718-geaa24f58ff (webtiles) character file.

Game seed: 1575663479393610103

15815 Newt the Markskobold (level 12, 0/68 HPs)
             Began as a Kobold Hunter on Jan 25, 2023.
             Was a Follower of Hepliaklqana.
             Slain by a white ugly thing (24 damage)
             ... on level 13 of the Dungeon.
             The game lasted 00:17:23 (15538 turns).

Newt the Markskobold (Kobold Hunter)               Turns: 15538, Time: 00:17:24

Health: 0/68       AC: 11    Str:  8    XL:     12   Next: 62%
Magic:  0/18       EV: 26    Int: 10    God:    Hepliaklqana [*.....]
Gold:   582        SH:  0    Dex: 24    Spells: 19/19 levels left

rFire   . . .      SeeInvis .    a - +1 shortbow
rCold   . . .      Faith    .    (shield currently unavailable)
rNeg    . . .      Spirit   +    F - +0 troll leather armour
rPois   .          Reflect  .    (no helmet)
rElec   .          Harm     .    E - +0 cloak
rCorr   .          Rampage  .    (no gloves)
Will    .....                    d - +0 pair of boots
Stlth   +++++                    h - amulet of guardian spirit
HPRegen 1.11/turn                k - +4 ring of protection
MPRegen 0.16/turn                q - +5 ring of evasion

@: no status effects
A: reduced essence, small, no large weapons, nightstalker 3
a: Renounce Religion, Recall Ancestor, Ancestor Identity


You were on level 13 of the Dungeon.
You worshipped Hepliaklqana.
Hepliaklqana was aware of your devotion.
You visited 2 branches of the dungeon, and saw 14 of its levels.

You collected 717 gold pieces.
You spent 135 gold pieces at shops.

Inventory:

Hand Weapons
 a - a +1 shortbow (weapon)
Armour
 c - a +0 leather armour
 d - a +0 pair of boots (worn)
 E - a +0 cloak (worn)
 F - a +0 troll leather armour (worn)
 I - a +3 leather armour of fire resistance
 L - +0 acid dragon scales
Jewellery
 h - an amulet of guardian spirit (around neck)
 k - a +4 ring of protection (left hand)
 n - a ring of fire
 p - a ring of magical power
 q - a +5 ring of evasion (right hand)
 r - a ring of wizardry
 M - a ring of fire
 O - a ring of resist corrosion
Wands
 t - a wand of charming (15)
 w - a wand of flame (61)
 y - a wand of roots (14)
Scrolls
 b - 3 scrolls of immolation
 j - a scroll of fear
 o - 2 scrolls of butterflies
 u - 2 scrolls of amnesia
 A - a scroll of enchant armour
 B - a scroll of noise
Potions
 e - 4 potions of attraction
 f - a potion of ambrosia
 g - 3 potions of curing
 i - 2 potions of degeneration
 l - 2 potions of might
 s - 2 potions of brilliance
 x - 2 potions of flight
 z - a potion of haste
 D - a potion of mutation
 K - a potion of cancellation
 N - a potion of lignification {unknown}
Miscellaneous
 C - a phantom mirror (inert)


   Skills:
 - Level 9.0 Fighting
 - Level 16.0 Ranged Weapons
 - Level 6.0 Armour
 - Level 9.0 Dodging
 - Level 6.0 Stealth
 - Level 4.0 Spellcasting
 + Level 5.4 Invocations
 - Level 6.0 Evocations


You had 19 spell levels left.
You didn't know any spells.
Your spell library contained the following spells:

 Spells                   Type           Power      Damage    Failure   Level
 Lesser Beckoning         Tloc           4%         N/A       45%         2
 Gell's Gravitas          Tloc           2%         N/A       71%         3
 Teleport Other           Tloc           2%         N/A       71%         3
 Freezing Cloud           Conj/Ice/Air   1%         6-21      100%        5
 Simulacrum               Ice/Necr       1%         N/A       100%        6
 Polar Vortex             Ice            1%         N/A       100%        9


Dungeon Overview and Level Annotations

Branches:
Dungeon (13/15)            Temple (1/1) D:4             Orc (0/2) D:9
   Lair: D:8-11      Vaults: D:13-14

Altars:
Ashenzari
Cheibriados
Dithmenos
Elyvilon
Fedhas
Gozag
Hepliaklqana
Kikubaaqudgha
Makhleb
Nemelex Xobeh
Okawaru
Ru
Sif Muna
Trog
Uskayaw
Vehumet
Wu Jian
Yredelemnul
Zin
The Shining One

Shops:
D:5 (   D:12 [

Annotations:
D:3 4 runed translucent doors, Crazy Yiuf; zinnoa's ghost, amateur DjFE
D:8 2 transporters


Innate Abilities, Weirdness & Mutations

Your life essence is reduced to manifest your ancestor. (-10% HP)
You are small and have problems with some larger weapons.
You are completely attuned to the shadows.


Message History

You shoot an arrow.
The arrow hits the white ugly thing but does no damage.
The white ugly thing is heavily wounded.
The white ugly thing gores you but does no damage.
You shoot an arrow.
The arrow closely misses the white ugly thing.
The white ugly thing misses you.
You shoot an arrow.
The arrow barely misses the white ugly thing.
The white ugly thing gores you! The white ugly thing freezes you!!
You are too injured to fight recklessly!
You are too injured to fight recklessly!
You are too injured to fight recklessly!
You are too injured to fight recklessly!
You are too injured to fight recklessly!
You are too injured to fight recklessly!
You are too injured to fight recklessly!
You are too injured to fight recklessly!
You are too injured to fight recklessly!
You are too injured to fight recklessly!
You are too injured to fight recklessly!
You are too injured to fight recklessly!
You are too injured to fight recklessly!
You are too injured to fight recklessly!
You are too injured to fight recklessly!
You are too injured to fight recklessly!
You are too injured to fight recklessly!
You are too injured to fight recklessly!
You are too injured to fight recklessly!
You are too injured to fight recklessly!
Unknown command.
You shoot an arrow. The arrow hits the white ugly thing!
The white ugly thing is severely wounded.
You shoot an arrow. The arrow hits the white ugly thing.
The white ugly thing is severely wounded.
The white ugly thing closely misses you.
You shoot an arrow.
The arrow barely misses the white ugly thing.
The white ugly thing gores you. The white ugly thing freezes you!!
You die...

,,*,,,,,,,,,,,*,,,,,*^,***,,,,,,,
,,*,,,,,,,,,,,*,,,,,+,,***,,,,,,,
,,*,,,,**,**,,*******,,,,,,,,,,,,
,,*,,,,**,**,,*#..,,,.,,,,,,,,,,,
,,*,,,,,,,,,,,,#..#*.#*****,,,,,,
,,*,,,,,,,,,,,,#..##.#,,,,*,,,,,,
,,*,,,,,,,,,,,,#.....#,,,,*,,,,,,
,,*,,,,,,,**,,,#.....#,,,,*******
,,*,,,,,,,**,,,#@....#,,,,,*
*,*,,,,,,,,*,,,#u###.###+###
*,*,,,,,,,,*,,,#...........#
,,*,,,,,,,,*,,,+...........#
,,*************#...........######
,,,,,,,,,,,,,,,........ยง.........
**,,,,,,,,,,,,..............#....
*,,,,,,,,,,,.....(..............
**,,,,,,,,*,,,,,.................


You could see a white ugly thing.

Vanquished Creatures
  Rupert (D:13)
  A boulder beetle (D:12)
  2 two-headed ogres (D:11)
  Pikel (D:6)
  4 cyclopes
  A gargoyle (D:12)
  2 unseen horrors
  A komodo dragon (D:11)
  4 trolls
  A hornet (D:8)
  Sigmund (D:3)
  3 slime creatures (D:11)
  2 shadows
  2 wyverns (D:9)
  14 yaks
  A steam dragon (D:8)
  An acid dragon (D:11)
  5 orc warriors
  2 sky beasts
  A black bear (D:6)
  3 ogres
  3 centaurs
  A lemure (D:6)
  A phantom (D:5)
  3 kobold brigands
  3 bullfrogs (D:6)
  4 scorpions
  A necrophage (D:5)
  17 wights
  A howler monkey (D:8)
  5 hounds
  8 orc priests
  3 jellies
  7 iguanas
  7 orc wizards
  5 adders
  A shadow imp (D:6)
  2 white imps (D:8)
  An ufetubus (D:5)
  A worm (D:4)
  A dart slug (D:4)
  32 orcs
  7 endoplasms
  2 giant cockroaches
  6 goblins
  11 hobgoblins
  17 kobolds
  4 quokkas
  4 ball pythons
  5 bats
  3 frilled lizards
  5 rats
224 creatures vanquished.

Vanquished Creatures (collateral kills)
  A boulder beetle (D:12)
  2 unseen horrors
  A slime creature (D:12)
  An acid dragon (D:12)
5 creatures vanquished.

Vanquished Creatures (others)
  7 ancestors
  7 plants
14 creatures vanquished.

Grand Total: 243 creatures vanquished

Notes
Turn   | Place    | Note
-------+----------+-------------------------------------------
     0 | D:1      | Newt the Kobold Hunter began the quest for the Orb.
     0 | D:1      | Reached XP level 1. HP: 12/12 MP: 1/1
   270 | D:1      | Reached XP level 2. HP: 18/18 MP: 2/2
   953 | D:1      | Reached XP level 3. HP: 22/22 MP: 3/3
  2434 | D:3      | Noticed Sigmund
  3199 | D:3      | Killed Sigmund
  3200 | D:3      | Reached skill level 6 in Ranged Weapons
  3200 | D:3      | Reached XP level 4. HP: 30/30 MP: 4/4
  3200 | D:3      | Reached XP level 5. HP: 34/34 MP: 5/5
  3200 | D:3      | Reached XP level 6. HP: 39/39 MP: 6/6
  3299 | D:3      | Found a runed translucent door.
  3302 | D:3      | Noticed Crazy Yiuf
  3331 | D:3      | Found a sacrificial altar of Ru.
  3423 | D:3      | Found a runed translucent gate.
  3424 | D:3      | Found a runed translucent gate.
  3425 | D:3      | Found a runed translucent gate.
  3425 | D:3      | Noticed an ogre
  3433 | D:3      | Noticed zinnoa's ghost (amateur DjFE)
  3576 | D:3      | Found a basalt altar of Yredelemnul.
  3742 | D:4      | Reached skill level 5 in Fighting
  4296 | D:4      | Found a staircase to the Ecumenical Temple.
  4302 | Temple   | Entered the Ecumenical Temple
  4305 | Temple   | Found a transporter.
  4305 | Temple   | Found a transporter.
  4307 | Temple   | Found a transporter.
  4307 | Temple   | Found a transporter.
  4858 | D:4      | Reached XP level 7. HP: 44/45 MP: 7/7
  5237 | D:5      | Entered Level 5 of the Dungeon
  5377 | D:5      | Reached skill level 7 in Ranged Weapons
  5458 | D:5      | Found a blossoming altar of Fedhas.
  5564 | D:5      | Reached skill level 8 in Ranged Weapons
  5674 | D:4      | Reached skill level 9 in Ranged Weapons
  5674 | D:4      | Reached XP level 8. HP: 19/51 MP: 5/8
  5816 | D:5      | Found a hazy altar of Hepliaklqana.
  5862 | D:5      | Reached skill level 5 in Dodging
  5961 | D:5      | Found Uji Ubim's Weapon Shop.
  6136 | D:5      | Found a radiant altar of Vehumet.
  6139 | D:5      | Reached skill level 1 in Evocations
  6143 | D:5      | Found an ornate altar of the Wu Jian Council.
  6874 | D:6      | Reached skill level 1 in Armour
  6984 | D:6      | Reached XP level 9. HP: 39/55 MP: 6/9
  7148 | D:6      | Noticed Pikel
  7159 | D:6      | Killed Pikel
  7160 | D:6      | Reached skill level 10 in Ranged Weapons
  7421 | D:6      | Reached skill level 11 in Ranged Weapons
  8102 | D:7      | Reached skill level 12 in Ranged Weapons
  8158 | D:7      | Reached skill level 1 in Spellcasting
  8176 | D:7      | Reached XP level 10. HP: 53/60 MP: 9/13
  8397 | D:7      | Found an opulent altar of Gozag.
  8655 | D:8      | Reached skill level 5 in Evocations
  9310 | D:8      | Found a hide-covered altar of Uskayaw.
  9451 | D:8      | Found a snail-covered altar of Cheibriados.
  9484 | D:8      | Found a transporter.
  9485 | D:8      | Found a transporter.
  9485 | D:8      | Identified the ring "Wine" {*Slow rN++ rCorr MP+9 SInv}
  9728 | D:8      | Found a bloodstained altar of Trog.
  9796 | D:8      | Identified the +0 trident "Killer Bee's Bane" {venom,
                  | Int+4}
  9796 | D:8      | Identified the +5 kite shield "Paatykikh" {rElec Will+
                  | Str-3 Stlth+}
 10675 | D:9      | Reached XP level 11. HP: 55/68 MP: 13/17
 10895 | D:9      | Found a staircase to the Orcish Mines.
 10925 | D:9      | Found a shadowy altar of Dithmenos.
 11255 | D:5      | Became a worshipper of Hepliaklqana the Forgotten
 11759 | D:10     | Entered Level 10 of the Dungeon
 12346 | D:9      | Reached skill level 5 in Armour
 12912 | D:10     | You fall into a shaft and drop 1 floor!
 13177 | D:11     | Noticed a cyclops
 13185 | D:11     | Killed a cyclops
 13186 | D:11     | Reached skill level 13 in Ranged Weapons
 13220 | D:11     | Noticed a two-headed ogre
 13230 | D:11     | Killed a two-headed ogre
 13316 | D:11     | Reached * piety under Hepliaklqana
 13748 | D:11     | Noticed a two-headed ogre
 13762 | D:11     | Killed a two-headed ogre
 13763 | D:11     | Reached skill level 14 in Ranged Weapons
 14030 | D:12     | Identified the +7 trident of the Coward {spect, Int+3}
 14041 | D:12     | Reached skill level 5 in Stealth
 14219 | D:11     | HP: 1/63 [slime creature (11)]
 14224 | D:11     | Reached XP level 12. HP: 18/68 MP: 0/18
 14541 | D:12     | Noticed a boulder beetle
 14576 | D:12     | Killed a boulder beetle
 14624 | D:12     | Found Kitutipp's Antique Armour Shoppe.
 14629 | D:12     | Bought a runed leather armour for 135 gold pieces
 14667 | D:12     | Reached skill level 15 in Ranged Weapons
 14906 | D:12     | Noticed a boulder beetle
 14949 | D:12     | Killed a boulder beetle
 15218 | D:13     | Reached skill level 16 in Ranged Weapons
 15218 | D:13     | Reached skill level 1 in Invocations
 15448 | D:13     | Noticed Rupert
 15489 | D:13     | Killed Rupert
 15490 | D:13     | Reached skill level 5 in Invocations
 15538 | D:13     | Slain by a white ugly thing

Illustrated notes

Levels and vault maps discovered:
D:1:      dpeg_arrival_tiny_c, layout_basic
D:2:      layout_loops_corners, serial_glass, glass_columns_a, glass_columns_b,
          glass_columns_b, glass_columns_a, glass_columns_b, glass_columns_a
D:3:      layout_rooms, yredelemnul_altar_generic, mainiacjoe_overflow_alcove_2,
          gammafunk_ghost_split, uniq_sigmund, uniq_crazy_yiuf_cottage
D:4:      layout_basic, minmay_temple_entry_ruins, serial_curves,
          eino_curves_03, eino_curves_03
D:5:      layout_basic, vehumet_altar_wand_db, fedhas_bush_and_centaur_altar,
          overflow_temple_1_default, mainiacjoe_overflow_surrounded_room,
          serial_shops, nicolae_shop_behind_doors
D:6:      layout_basic, uniq_pikel
D:7:      minmay_klotski, layout_loops_corners, kennysheep_mini, serial_glass,
          glass_columns_b, glass_columns_c, due_unseen_surprise,
          feat_on_display, item_on_display_a, feat_on_display, enter_bailey_5
D:8:      layout_cave_pools, nicolae_uskayaw_dance_studio, trog_butcher_becter,
          cheibriados_altar_1, gammafunk_ghost_gnarly_gnolls, kennysheep_dice
D:9:      layout_small_grid, mainiacjoe_overflow_boulevard, orc_0_dummy,
          chequers_serial_rivers_micro_e
D:10:     layout_cave_pools, mainiacjoe_overflow_chevrons,
          nicolae_qazlal_general_emergency, lair_entry_dummy, uniq_harold,
          uniq_grum
D:11:     layout_loops_ring
D:12:     layout_rooms, serial_shops, shop, kennysheep_generic_room_6
D:13:     layout_stronghold, uniq_rupert
Temple:   hellmonk_temple_divided_pantheon

Skill      XL: |  1  2  3  4  5  6  7  8  9 10 11 12 |
---------------+-------------------------------------+-----
Stealth        | 2 3 6 |  6.0
Fighting       | 4 5 6 7 9 |  9.0
Ranged Weapons | 6 9 12 14 16 | 16.0
Dodging        | 3 4 6 9 |  9.0
Evocations     | 4 6 |  6.0
Armour         | 2 4 6 |  6.0
Spellcasting   | 2 4 |  4.0
Invocations    | 5 |  5.4

Action                     |  1- 3 |  4- 6 |  7- 9 | 10-12 || total
---------------------------+-------+-------+-------+-------++-------
  Melee: Shortbow          |       |       |     3 |     3 ||     6
   Fire: Shortbow          |    88 |    75 |   315 |   742 ||  1220
  Evoke: Wand              |       |       |       |     1 ||     1
         Phantom mirror    |       |       |       |     1 ||     1
    Use: Scroll            |    10 |     1 |     2 |    11 ||    24
         Potion            |     1 |       |     1 |     4 ||     6
 Armour: Leather armour    |     7 |    11 |    53 |    73 ||   144
         Troll leather arm |       |       |       |     8 ||     8
  Dodge: Dodged            |    23 |    27 |   171 |   615 ||   836

Table legend: (Time is in decaauts)
 A = Elapsed time spent in this place.
 B = Non-inter-level travel time spent in this place.
 C = Inter-level travel time spent in this place.
 D = Time resting spent in this place.
 E = Time spent auto-exploring this place.
 F = Levels seen in this place.
 G = Mean time per level.
                   A        B        C        D        E       F      G
               +--------+--------+--------+--------+--------+-----+--------+
         Total |  15554 |  14642 |    912 |   3209 |   9114 |  14 | 1111.0 |
       Dungeon |  15445 |  14558 |    887 |   3209 |   9062 |  13 | 1188.1 |
        Temple |    109 |     84 |     25 |      0 |     52 |   1 |  109.0 |
               +--------+--------+--------+--------+--------+-----+--------+

Top non-repeatable levels by time:
     D:9: 2105 daAuts
     D:2: 1882 daAuts
     D:4: 1640 daAuts
     D:8: 1515 daAuts
     D:5: 1504 daAuts
    D:11: 1433 daAuts
     D:1: 1197 daAuts
     D:6: 1084 daAuts
     D:7: 863 daAuts
    D:12: 818 daAuts
     D:3: 661 daAuts
    D:10: 419 daAuts
    D:13: 320 daAuts
  Temple: 109 daAuts
